 Dungeon Crawl Stone Soup version 0.14-a0-586-g2535b90 (webtiles) character file.

2476 PolkaDot the Conjurer (level 9, -1/55 HPs)
             Began as a Vampire Wizard on Nov 3, 2013.
             Was an Initiate of Sif Muna.
             Slain by a warg (6 damage)
             ... on Level 7 of the Dungeon.
             The game lasted 00:38:12 (7132 turns).

PolkaDot the Conjurer (Vampire Wizard)              Turns: 7132, Time: 00:38:12

HP  -1/55        AC  6     Str  6      XL: 9   Next: 15%
MP  10/19        EV 12     Int 23      God: Sif Muna [......]
Gold 214         SH  0     Dex 12      Spells:  5 memorised,  3 levels left

Res.Fire  : . . .   See Invis. : +   n - +0,+1 glaive
Res.Cold  : + . .   Warding    : .   a - +0 robe (curse)
Life Prot.: . . .   Conserve   : .   (no shield)
Res.Poison: .       Res.Corr.  : .   b - +1 wizard hat
Res.Elec. : .       Clarity    : .   o - +0 cloak
Sust.Abil.: . .     Spirit.Shd : .   q - +1 pair of gloves
Res.Mut.  : .       Stasis     : .   (no boots)
Res.Rott. : .       Flight     : .   (no amulet)
Saprovore : . . .                    (no ring)
                                     g - ring of protection from cold

@: regenerating quickly, very slightly contaminated, somewhat resistant to
hostile enchantments, stealthy
A: bottle blood, fangs 3, see invisible, unbreathing
a: Bottle Blood, Renounce Religion


You were on level 7 of the Dungeon.
You worshipped Sif Muna.
Sif Muna was noncommittal.
You were full.

You visited 2 branches of the dungeon, and saw 8 of its levels.
You also visited: Sewer.

You collected 266 gold pieces.
You spent 52 gold pieces at shops.

Inventory:

Hand weapons
 n - a +0,+1 glaive (weapon)
Armour
 a - a cursed +0 robe (worn)
 b - a +1 wizard hat (worn)
 o - a +0 cloak (worn)
 q - a +1 pair of gloves (worn)
Magical devices
 e - a wand of magic darts (11)
 l - a wand of draining (5)
 r - a wand of digging (13)
Scrolls
 d - a scroll of enchant armour
 i - 2 scrolls of fear
 j - 6 scrolls of remove curse
 m - 3 scrolls of teleportation
 p - 5 scrolls of identify
 s - 2 scrolls of enchant weapon I
 y - 3 scrolls of recharging
 z - 2 scrolls of magic mapping
Jewellery
 g - a ring of protection from cold (left hand)
Potions
 f - 2 potions of magic
 k - 4 potions of curing
 u - 2 potions of might
 w - a potion of speed
 x - 2 potions of heal wounds
Books
 c - a book of Minor Magic

   Spells                             Type                      Level
   *Magic Dart                        Conjuration                  1
   *Blink                             Translocation                2
   Call Imp                           Summoning                    2
   *Repel Missiles                    Charms/Air                   2
   Slow                               Hexes                        2
   *Conjure Flame                     Conjuration/Fire             3
   *Mephitic Cloud                    Conjuration/Poison/Air       3
 v - a book of Transfigurations

   Spells                             Type                      Level
   Stoneskin                          Transmutation/Earth          2
   Ice Form                           Ice/Transmutation            4
   Statue Form                        Transmutation/Earth          6
   Dragon Form                        Transmutation                7


   Skills:
 - Level 2.1 Dodging
 - Level 3.0 Stealth
 - Level 3.0 Spellcasting
 - Level 9.2 Conjurations
 * Level 2.1 Charms
   Level 1.0 Summonings
 - Level 0.7 Translocations


You had 3 spell levels left.
You knew the following spells:

 Your Spells              Type           Power        Failure   Level  Hunger
a - Magic Dart            Conj           ####         1%          1    None
d - Mephitic Cloud        Conj/Pois/Air  ###.....     12%         3    ###....
q - Blink                 Tloc           N/A          17%         2    ##.....
s - Conjure Flame         Conj/Fire      ###.....     8%          3    ###....
w - Repel Missiles        Chrm/Air       #.........   14%         2    ##.....


Dungeon Overview and Level Annotations

Branches:
Dungeon (7/27)             Temple (1/1) D:7
    Orc: D:6-11

Altars:
Ashenzari
Cheibriados
Elyvilon
Fedhas
Kikubaaqudgha
Makhleb
Nemelex Xobeh
Okawaru
Sif Muna
Trog
Vehumet
Xom
Yredelemnul
Zin
the Shining One

Shops:
D:4 *

Annotations:
D:7 Sigmund


Innate Abilities, Weirdness & Mutations

Your natural rate of healing is unusually fast.
You can bottle blood from corpses.
You have razor-sharp teeth.*
You have supernaturally acute eyesight.
You can survive without breathing.*


Message History

The warg is drained!
The warg is severely wounded.
The bat hits you but does no damage.
Evoke which item? (* to show all) (? for menu, Esc to quit)
Zapping:
l - a wand of draining {zapped: 1}
Press: ? - help, Shift-Dir - straight line, f/p - warg
Aim: a warg (severely wounded)
The bolt of negative energy misses the warg.
The bat hits you but does no damage. The warg bites you!
* * * LOW HITPOINT WARNING * * *
The warg claws you.
* * * LOW HITPOINT WARNING * * *
The warg misses you.
An orc comes into view. It is wielding an orcish short sword.
Casting: Blink
Confirm with . or Enter, or press ? or * to list all spells.
You miscast Blink.
You are very lightly contaminated with residual magic.
You feel a wrenching sensation. The bat barely misses you. The warg bites you.
You die...

...#....# **,, ,** *,,,,,,,,,
.......###### **,,,,****,, , ,,,
......##....# *,,,,*,,...,> ,,,
##...##.....### *,,,,,,#b@..,,,,,
.....#>.......# *** ,,,......,,,,
....##.).#....## **,,,.......,,,
....#....##....## ***,.h.b...,,,
.#..#...####....### *,.......,,,
#####....###....@b#####..K.....,,
# ##....####...h..##.......#***
#** ###...# ##...)(#§o..##### ..#
#.....# ###....o...# ..###....##
#.....o### [##.....## ###...##
##.....## ##### ..(...## ....###


You could see a warg, an orc wizard, an orc (confused) and a bat.

Vanquished Creatures
  The ghost of shugdite the Skirmisher, an average MiFi of Okawaru (D:3)
  Prince Ribbit (D:6)
  2 ogres
  A necrophage (D:6)
  2 orc warriors (D:6)
  4 giant frogs
  Blork the orc (D:6)
  A water moccasin (D:5)
  2 crimson imps
  3 goliath beetles (D:6)
  2 orc priests
  A centaur skeleton (D:6)
  Crazy Yiuf (D:2)
  2 giant frog skeletons
  A hound (D:6)
  3 orc wizards
  A scorpion (D:6)
  4 worker ants
  A mummy (D:7)
  A hound skeleton (D:6)
  14 adders
  4 giant mites
  An inept feature mimic (D:6)
  2 worms
  An adder skeleton (D:6)
  22 grey rats (Sewer)
  A giant eyeball (D:6)
  4 giant geckos
  An ooze (Sewer)
  24 orcs
  17 ball pythons
  13 bats
  8 giant cockroaches
  19 hobgoblins
  2 jackals (D:4)
  10 kobolds
  2 quokkas (D:5)
  A ball python skeleton (D:4)
  6 giant newts
  13 goblins
  A hobgoblin skeleton (D:3)
  17 rats
218 creatures vanquished.

Notes
Turn   | Place    | Note
--------------------------------------------------------------
     0 | D:1      | PolkaDot, the Vampire Wizard, began the quest for the Orb.
     0 | D:1      | Reached XP level 1. HP: 11/11 MP: 6/6
   113 | D:1      | Reached skill level 1 in Conjurations
   233 | D:1      | Reached XP level 2. HP: 3/17 MP: 0/8
   670 | D:1      | Found a sparkling altar of Nemelex Xobeh.
   801 | D:1      | Reached XP level 3. HP: 12/22 MP: 10/10
   811 | D:1      | Learned a level 3 spell: Conjure Flame
   815 | D:1      | Learned a level 3 spell: Mephitic Cloud
  1100 | D:2      | Noticed Crazy Yiuf
  1117 | D:2      | Killed Crazy Yiuf
  1117 | D:2      | Reached XP level 4. HP: 28/28 MP: 2/12
  1300 | D:2      | Found a bloodstained altar of Trog.
  2072 | D:3      | HP: 1/28 [poisoned by a kobold]
  2094 | D:3      | Reached XP level 5. HP: 20/33 MP: 4/13
  2099 | D:3      | Learned a level 2 spell: Repel Missiles
  2196 | D:3      | Noticed shugdite's ghost (average MiFi)
  2268 | D:3      | Killed shugdite's ghost
  2268 | D:3      | Reached skill level 5 in Conjurations
  2268 | D:3      | Reached XP level 6. HP: 24/39 MP: 12/15
  2937 | D:4      | Found Moucweg's Assorted Antiques.
  2941 | D:4      | Bought a scroll labeled RYCI GRATOAD for 26 gold pieces
  2941 | D:4      | Bought a scroll labeled IDOCVI TOSAM for 26 gold pieces
  2999 | D:4      | Learned a level 2 spell: Blink
  3119 | D:4      | Reached XP level 7. HP: 44/44 MP: 0/17
  3950 | D:5      | Entered Level 5 of the Dungeon
  4026 | D:5      | Reached skill level 6 in Conjurations
  4562 | D:6      | Noticed Prince Ribbit
  4589 | D:6      | Killed Prince Ribbit
  4589 | D:6      | Reached skill level 7 in Conjurations
  4589 | D:6      | Reached XP level 8. HP: 50/50 MP: 5/18
  4703 | D:6      | Noticed Blork the orc
  4731 | D:6      | Killed Blork the orc
  5109 | D:6      | Reached skill level 8 in Conjurations
  5412 | D:6      | Found a glowing drain.
  5452 | Sewer    | Entered a sewer
  6150 | Sewer    | Reached skill level 9 in Conjurations
  6160 | Sewer    | Reached XP level 9. HP: 17/55 MP: 1/19
  6590 | D:7      | Found a staircase to the Ecumenical Temple.
  6599 | Temple   | Entered the Ecumenical Temple
  6845 | Temple   | Became a worshipper of Sif Muna the Loreminder
  7079 | D:7      | Reached skill level 1 in Charms
  7118 | D:7      | Noticed Sigmund
  7132 | D:7      | Slain by a warg

Action                   |  1- 3 |  4- 6 |  7- 9 || total
-------------------------+-------+-------+-------++-------
Melee: Unarmed           |     4 |       |       ||     4
       Short sword       |    61 |    80 |    43 ||   184
       Glaive            |       |       |   181 ||   181
       Whip              |       |       |     2 ||     2
 Cast: Magic Dart        |    48 |   118 |   254 ||   420
       Conjure Flame     |     2 |     2 |    20 ||    24
       Mephitic Cloud    |     1 |     2 |    15 ||    18
       Blink             |       |       |     3 ||     3
Evoke: Wand              |       |       |     5 ||     5
  Use: Potion            |     1 |     1 |     4 ||     6
       Scroll            |       |    10 |     7 ||    17
 Stab: Sleeping          |     2 |       |     2 ||     4
       Invisible         |       |       |     4 ||     4
       Distracted        |       |       |     1 ||     1
       Confused          |       |       |     1 ||     1
